 Dungeon Crawl Stone Soup version 0.30-a0-946-gec5dcfc036 (console) character file.

Game seed: 16701434704628062067

30 utis the Digger (level 3, 0/20 HPs)
             Began as a Tengu Wanderer on Mar 27, 2023.
             Succumbed to an adder's poison
             ... on level 2 of the Dungeon.
             The game lasted 00:04:40 (1270 turns).

utis the Digger (Tengu Wanderer)                    Turns: 1270, Time: 00:04:40

Health: 0/20       AC:  2    Str: 12    XL:     3   Next: 20%
Magic:  7/7        EV: 12    Int: 16    God:
Gold:   11         SH:  0    Dex: 11    Spells: 3/6 levels left

rFire   . . .      SeeInvis .    a - +1 dagger (drain)
rCold   . . .      Faith    .    (no shield)
rNeg    . . .      Spirit   .    c - +0 robe
rPois   .          Reflect  .    (helmet restricted)
rElec   .          Rampage  .    (no cloak)
rCorr   .                        (no gloves)
Will    .....                    (boots unavailable)
Stlth   +                        (no amulet)
HPRegen 0.23/turn                (no ring)
MPRegen 0.10/turn                (no ring)

@: lethally poisoned (0 -> -2)
A: beak, talons 3
a: no special abilities


You were on level 2 of the Dungeon.
You visited 1 branch of the dungeon, and saw 2 of its levels.

You collected 23 gold pieces.
You spent 12 gold pieces at shops.

Inventory:

Hand Weapons
 a - a +1 dagger of draining (weapon)
 e - a +0 club
Armour
 c - a +0 robe (worn)
Scrolls
 b - a scroll of fog
 f - a scroll of vulnerability {unknown}
 g - a scroll of magic mapping {unknown}
 h - a scroll of identify {unknown}
Miscellaneous
 d - a piece from Xom's chessboard (15/15)


   Skills:
 + Level 1.3 Fighting
 + Level 1.4 Short Blades
 + Level 2.0 Dodging
 - Level 2.0 Spellcasting
 + Level 0.8 Summonings
 - Level 2.1 Earth Magic
 - Level 2.0 Poison Magic
 - Level 2.0 Evocations


You had 3 spell levels left.
You knew the following spells:

 Your Spells              Type           Power      Damage    Failure   Level
p - Call Imp              Summ           4%         N/A       22%         2
z - Sandblast             Erth           16%        2d6       9%          1

Your spell library contained the following spells:

 Spells                   Type           Power      Damage    Failure   Level
 Magic Dart               Conj           4%         1d3       21%         1
 Poisonous Vapours        Pois/Air       8%         N/A       21%         2
 Cigotuvi's Dreadful Rot  Necr/Pois/Air  6%         N/A       24%         2
 Mephitic Cloud           Conj/Pois/Air  3%         N/A       43%         3
 Gell's Gravitas          Tloc           1%         N/A       52%         3
 Teleport Other           Tloc           1%         N/A       52%         3
 Animate Armour           Summ/Erth      12%        N/A       73%         4
 Petrify                  Tmut/Erth      5%         N/A       78%         4
 Dispersal                Tloc           0%         N/A       100%        6


Dungeon Overview and Level Annotations

Branches:
Dungeon (2/15)

Altars:

Shops:
D:1 !


Innate Abilities, Weirdness & Mutations

You have a beak for a mouth.
You have claws for feet.


Message History

Unknown command.
You aren't carrying any potions.
Sorry, you're not good enough to have a special ability.
You aren't carrying any potions.
You aren't carrying any potions.
You aren't carrying any potions.
You aren't carrying any potions.
You aren't carrying any potions.
You aren't carrying any potions.
You aren't carrying any potions.
You aren't carrying any potions.
You hit the adder but do no damage. You drain the adder.
Your kick misses the adder.
The adder is heavily wounded.
* * * LOW HITPOINT WARNING * * *
You feel very sick. The adder bites you but does no damage.
The bat barely misses you.
Unknown command.
You hit the adder. Your kick misses the adder.
The adder is almost dead.
* * * LOW HITPOINT WARNING * * *
You feel sick. The bat closely misses you. The bat hits you but does no damage.
The adder bites you but does no damage.
You barely miss the adder.
The adder is almost dead.
* * * LOW HITPOINT WARNING * * *
You feel sick. The bat hits you.
* * * LOW HITPOINT WARNING * * *
The adder completely misses you.
You hit the adder.
You kill the adder!
* * * LOW HITPOINT WARNING * * *
You feel sick. The bat hits you but does no damage.
Your Dodging skill increases to level 2!
You have reached level 3!
Your experience leads to an increase in your attributes!
Increase (S)trength, (I)ntelligence, or (D)exterity?
You feel clever. x2
* * * LOW HITPOINT WARNING * * *
You feel sick. The bat barely misses you.
You die...

░░░░░ ░░...░░░░░
.░░░░░░░░.[...)░░░
........<.Q.....░.
.░░░░░░........!..
░.....░.b.....
░.░..░░.......
░.............
░........§≈≈≈≈
░░......≈≈▒▒▒▒
░░.....≈▒▒


You could see a bat.

Vanquished Creatures
  An adder (D:2)
  2 bats (D:1)
  An endoplasm (D:1)
  A goblin (D:1)
  2 hobgoblins (D:1)
  2 jackals (D:1)
  2 kobolds (D:1)
  4 quokkas (D:1)
  2 ball pythons (D:1)
  A frilled lizard (D:1)
  A rat (D:1)
19 creatures vanquished.

Notes
Turn   | Place    | Note
-------+----------+-------------------------------------------
     0 | D:1      | utis the Tengu Wanderer began the quest for the Orb.
     0 | D:1      | utis set off with the following items: a +0 club, a scroll
                  | of fog, a +0 robe, a piece from Xom's chessboard (15/15);
                  | and the following spell memorised: Sandblast; and the
                  | following spells available to memorise: Poisonous Vapours,
                  | Cigotuvi's Dreadful Rot, Animate Armour, Petrify.
     0 | D:1      | Reached XP level 1. HP: 10/10 MP: 4/4
   401 | D:1      | Reached XP level 2. HP: 12/16 MP: 6/6
   501 | D:1      | Reached skill level 1 in Short Blades
   559 | D:1      | Found Diacakeg's Distillery.
   616 | D:1      | Reached skill level 1 in Fighting
   652 | D:1      | Learned a level 2 spell: Call Imp
  1231 | D:1      | Bought a potion of degeneration for 12 gold pieces
  1269 | D:2      | Reached XP level 3. HP: 2/20 MP: 7/7
  1269 | D:2      | HP: 1/20 [poisoned by an adder]
  1270 | D:2      | Succumbed to an adder's poison

Illustrated notes

Levels and vault maps discovered:
D:1:      roderic_octagonal_star, layout_basic, serial_shops,
          nicolae_shop_hallway_stairs
D:2:      minmay_spotlight, layout_loops_ring, kennysheep_decorative_pillar,
          grunt_ministairs_8, guppyfry_early_lair_pool

Skill      XL: |  1  2 |
---------------+-------+-----
Short Blades   | 1 |  1.4
Fighting       | 1 |  1.3
Dodging        | 2 |  2.0
Spellcasting   | |  2.0
Summonings     | |  0.8
Earth Magic    | |  2.1
Poison Magic   | |  2.0
Evocations     | |  2.0

Action                     || total
---------------------------++-------
  Melee: Dagger            ||    51
         Peck              ||    10
         Kick              ||     5
   Cast: Sandblast         ||     1
 Armour: Robe              ||    17
  Dodge: Dodged            ||    36

Table legend: (Time is in decaauts)
 A = Elapsed time spent in this place.
 B = Non-inter-level travel time spent in this place.
 C = Inter-level travel time spent in this place.
 D = Time resting spent in this place.
 E = Time spent auto-exploring this place.
 F = Levels seen in this place.
 G = Mean time per level.
                   A        B        C        D        E       F      G
               +--------+--------+--------+--------+--------+-----+--------+
         Total |   1268 |   1205 |     63 |    157 |    828 |   2 |  634.0 |
       Dungeon |   1268 |   1205 |     63 |    157 |    828 |   2 |  634.0 |
               +--------+--------+--------+--------+--------+-----+--------+

Top non-repeatable levels by time:
     D:1: 1255 daAuts
     D:2: 12 daAuts
